 Dungeon Crawl Stone Soup version 0.27-a0-1182-gee19b5822f (webtiles) character file.

Game seed: 15313933357235649387

1360 Froggeryz the Cleaver (level 8, 0/56 HPs)
             Began as a Demonspawn Gladiator on May 18, 2021.
             Was a Believer of Okawaru.
             Slain by an orc warrior
             ... wielding a +0 battleaxe
              (8 damage)
             ... on level 6 of the Dungeon.
             The game lasted 00:09:23 (9022 turns).

Froggeryz the Cleaver (Demonspawn Gladiator)        Turns: 9022, Time: 00:09:24

Health: 0/56       AC:  8    Str: 16    XL:     8   Next: 37%
Magic:  8/8        EV: 10    Int: 10    God:    Okawaru [**....]
Gold:   66         SH:  0    Dex: 17    Spells: 7/7 levels left

rFire    . . .     SeeInvis .   n - +1 hand axe (flame)
rCold    . . .     Faith    .   (no shield)
rNeg     . . .     Spirit   .   f - +0 scale mail
rPois    .         Reflect  .   t - +0 helmet
rElec    .         Harm     .   (no cloak)
rCorr    .         Rampage  .   (no gloves)
Will     .....                  l - +0 pair of boots
Stlth    +.........             (no amulet)
HPRegen  0.18/turn              (no ring)
MPRegen  0.11/turn              (no ring)

@: no status effects
A: hooves 2, thin skeletal structure 1, foul stench 2
a: Renounce Religion, Heroism


You were on level 6 of the Dungeon.
You worshipped Okawaru.
Okawaru was pleased with you.
You visited 2 branches of the dungeon, and saw 7 of its levels.

You collected 280 gold pieces.
You spent 214 gold pieces at shops.

Inventory:

Hand Weapons
 n - a +1 hand axe of flaming (weapon)
Missiles
 d - 3 throwing nets
 e - 46 poisoned darts (quivered)
Armour
 f - a +0 scale mail (worn)
 l - a +0 pair of boots (worn)
 t - a +0 helmet (worn)
Jewellery
 q - a ring of ice
Wands
 g - a wand of paralysis (3)
 h - a wand of acid (7)
 j - a wand of flame (30)
Scrolls
 m - a scroll of blinking
 o - a scroll of enchant armour {unknown}
 r - 3 scrolls of identify
 s - a scroll of amnesia {unknown}
Potions
 a - a potion of berserk rage {unknown}
 b - a potion of brilliance
 c - 2 potions of resistance {unknown}
 i - 2 potions of might
 k - a potion of heal wounds
 p - 2 potions of lignification {unknown}


   Skills:
 - Level 2.0 Fighting
 * Level 9.8 Axes
 - Level 1.7 Throwing
 - Level 2.6 Dodging


You had 7 spell levels left.
You didn't know any spells.
Your spell library contained the following spells:

 Spells                   Type           Power      Damage    Failure   Level
 Magic Dart               Conj           0%         1d3       82%         1
 Blink                    Tloc           N/A        N/A       91%         2
 Searing Ray              Conj           0%         3d3       91%         2
 Dazzling Flash           Conj/Hex       0%         N/A       99%         3
 Gell's Gravitas          Tloc           0%         N/A       99%         3
 Lesser Beckoning         Tloc           0%         N/A       99%         3
 Teleport Other           Tloc           0%         N/A       99%         3
 Fulminant Prism          Conj/Hex       0%         3d6       100%        4
 Iskenderun's Mystic Bla  Conj/Tloc      0%         2d3       100%        4
 Manifold Assault         Tloc           0%         N/A       100%        5


Dungeon Overview and Level Annotations

Branches:
Dungeon (6/15)             Temple (1/1) D:4

Altars:
Ashenzari
Cheibriados
Dithmenos
Fedhas
Hepliaklqana
Kikubaaqudgha
Makhleb
Nemelex Xobeh
Okawaru
Qazlal
Sif Muna
Trog
Uskayaw
Vehumet
Wu Jian
Xom
Yredelemnul
The Shining One

Shops:
D:3 =   D:4 :   D:5 ![(?   D:6 (


Innate Abilities, Weirdness & Mutations

You have hoof-like feet.
You have a somewhat thin skeletal structure. (Dex +2, Stealth+)
You sometimes emit foul miasma when damaged in melee.


Message History

The adder bites you.
You are poisoned.
The adder poisons you!
You slash the adder! You burn the adder.
You kill the adder!
Okawaru accepts your kill.
You feel sick.
The orc warrior throws a boomerang.
The boomerang barely misses you.
You feel sick.
A magic dart appears from out of thin air!
The magic dart hits you! The orc warrior barely misses you.
You see here an adder corpse.
You barely miss the orc warrior.
The orc warrior is lightly wounded.
You feel sick.
The orc warrior hits you with a +0 battleaxe!
You barely miss the orc warrior.
The orc warrior is lightly wounded.
You slash something! You burn something. Okawaru accepts your kill.
Reactivating autopickup.
You feel a bit more experienced.
You feel sick. The orc warrior barely misses you.
You hit the orc warrior but do no damage.
The orc warrior is lightly wounded.
You feel sick. The orc warrior barely misses you.
You hit the orc warrior but do no damage.
The orc warrior is lightly wounded.
The orc warrior hits you with a +0 battleaxe!
* * * LOW HITPOINT WARNING * * *
You hit the orc priest but do no damage.
The orc priest is heavily wounded.
You hit the orc warrior. You burn the orc warrior.
You feel sick.
You hit the orc priest. You burn the orc priest.
The orc priest is severely wounded.
You hit the orc warrior but do no damage.
You feel sick.
You are no longer poisoned.
The orc warrior hits you with a +0 battleaxe!
You die...

#.......#.#
#......#
#########
#.######
#.# #.# #.#
#### #.##
##...##..#
#.....##.#
#.⌠.⌠..#@#
.......oo#
..⌠.⌠..###
......#
##...# ####


You could see an orc warrior and an orc priest.

Vanquished Creatures
  Sigmund (D:5)
  Eustachio (D:5)
  2 water moccasins
  3 ogres
  A scorpion (D:4)
  2 howler monkeys
  A hound (D:5)
  An orc priest (D:5)
  2 jellies (D:6)
  A centaur skeleton (D:5)
  An iguana (D:5)
  3 orc wizards
  A hound zombie (D:5)
  2 hound skeletons
  A howler monkey zombie (D:6)
  6 adders
  A shadow imp (D:5)
  An ufetubus (D:6)
  An adder skeleton (D:4)
  A worm (D:3)
  7 dart slugs
  10 orcs
  7 bats
  8 endoplasms
  2 giant cockroaches
  8 hobgoblins
  10 jackals (D:2)
  7 quokkas
  6 ball pythons
  4 frilled lizards
  3 goblins
  10 kobolds
  5 rats
120 creatures vanquished.

Vanquished Creatures (others)
  88 plants (D:1)
88 creatures vanquished.

Grand Total: 208 creatures vanquished

Notes
Turn   | Place    | Note
-------+----------+-------------------------------------------
     0 | D:1      | Froggeryz the Demonspawn Gladiator began the quest for the
                  | Orb.
     0 | D:1      | Reached XP level 1. HP: 16/16 MP: 1/1
   125 | D:1      | Reached skill level 3 in Axes
   163 | D:1      | Gained mutation: You have large cloven feet. [demonic
                  | ancestry]
   163 | D:1      | Reached XP level 2. HP: 22/22 MP: 2/2
   249 | D:1      | Found a faded altar of an unknown god.
   336 | D:1      | Gained mutation: You have a somewhat thin skeletal
                  | structure. (Dex +2, Stealth+) [demonic ancestry]
   336 | D:1      | Reached XP level 3. HP: 22/27 MP: 3/3
   519 | D:1      | Reached skill level 4 in Axes
  1352 | D:2      | Gained mutation: You may rarely emit foul miasma when
                  | damaged in melee. [demonic ancestry]
  1352 | D:2      | Reached XP level 4. HP: 20/33 MP: 4/4
  2522 | D:3      | Found Saompyam's Jewellery Shoppe.
  2804 | D:3      | Reached skill level 5 in Axes
  3340 | D:3      | Gained mutation: You have hoof-like feet. [demonic
                  | ancestry]
  3340 | D:3      | Reached XP level 5. HP: 38/38 MP: 5/5
  3357 | D:3      | Noticed a water moccasin
  3367 | D:3      | Killed a water moccasin
  3368 | D:3      | Reached skill level 6 in Axes
  4168 | D:4      | Found a staircase to the Ecumenical Temple.
  4179 | Temple   | Entered the Ecumenical Temple
  4229 | Temple   | Became a worshipper of Warmaster Okawaru
  4301 | D:4      | Reached XP level 6. HP: 44/44 MP: 6/6
  4450 | D:4      | Found Irikkeg's Book Shop.
  4874 | D:4      | Found an ancient bone altar of Kikubaaqudgha.
  5074 | D:4      | Reached skill level 7 in Axes
  5346 | D:5      | Entered Level 5 of the Dungeon
  5346 | D:5      | Found Befabih's Magic Scroll Emporium.
  5349 | D:5      | Bought a scroll of blinking for 90 gold pieces
  5527 | D:5      | Found a radiant altar of Vehumet.
  5530 | D:5      | Noticed Eustachio
  5840 | D:5      | Killed Eustachio
  5840 | D:5      | Reached * piety under Okawaru
  5841 | D:5      | Gained mutation: You sometimes emit foul miasma when
                  | damaged in melee. [demonic ancestry]
  5841 | D:5      | Reached XP level 7. HP: 49/50 MP: 7/7
  5930 | D:5      | Reached skill level 8 in Axes
  6558 | D:5      | Found Xeudu's Weapon Boutique.
  6621 | D:5      | Found a hide-covered altar of Uskayaw.
  6622 | D:5      | Found a hazy altar of Hepliaklqana.
  6650 | D:5      | Reached ** piety under Okawaru
  7016 | D:5      | Found Suij's Armour Emporium.
  7027 | D:5      | Noticed Sigmund
  7039 | D:5      | Found Gephoj's Distillery.
  7065 | D:5      | Killed Sigmund
  7066 | D:5      | Reached skill level 9 in Axes
  7066 | D:5      | Reached XP level 8. HP: 53/56 MP: 8/8
  7261 | D:5      | Bought a +1 hand axe of flaming for 124 gold pieces
  7434 | D:5      | You fall into a shaft and drop 1 floor!
  7558 | D:6      | Found Loggib's Weapon Emporium.
  8624 | D:5      | Found a shimmering blue altar of Sif Muna.
  9022 | D:6      | Slain by an orc warrior

Illustrated notes

Levels and vault maps discovered:
D:1:      roderic_crop_circles_arrival_small, layout_basic,
          ebering_ecumenical_altar_mist, minmay_3d_cube
D:2:      layout_loops_ring, hangedman_abyss_or_decor_lesser_grid
D:3:      layout_basic, serial_shops, shop, minmay_puff
D:4:      layout_basic, kennysheep_mini_moat, minmay_temple_entry_ruins,
          serial_shops, kennysheep_mini
D:5:      layout_layer_cave, kennysheep_orc_sif_temple, vehumet_altar_wand_db,
          grunt_temple_overflow_open, serial_shops, shop,
          nicolae_shop_waterfront, shop, shop, uniq_sigmund, uniq_eustachio
D:6:      layout_basic, serial_shops, kennysheep_little_box,
          kennysheep_small_circle
Temple:   nicolae_temple_god_jail

Skill      XL: |  1  2  3  4  5  6  7 |
---------------+----------------------+-----
Axes           | 3 4 5 6 7 9 |  9.8
Fighting       | |  2.0
Throwing       | |  1.7
Dodging        | |  2.6

Action                   |  1- 3 |  4- 6 |  7- 9 || total
-------------------------+-------+-------+-------++-------
Melee: War axe           |   123 |   152 |    34 ||   309
       Kick              |    11 |    31 |       ||    42
       Hand axe          |       |       |    52 ||    52
Throw: Dart              |       |       |     6 ||     6
Evoke: Wand              |       |       |     3 ||     3
  Use: Scroll            |       |     4 |       ||     4
       Potion            |       |     2 |     3 ||     5
 Stab: Sleeping          |     7 |     2 |     1 ||    10
       Paralysed         |       |       |     5 ||     5
Armor: Leather armour    |    40 |    12 |       ||    52
       Scale mail        |       |    58 |    25 ||    83
Dodge: Dodged            |    79 |    71 |    42 ||   192

Table legend: (Time is in decaauts)
 A = Elapsed time spent in this place.
 B = Non-inter-level travel time spent in this place.
 C = Inter-level travel time spent in this place.
 D = Time resting spent in this place.
 E = Time spent auto-exploring this place.
 F = Levels seen in this place.
 G = Mean time per level.
                   A        B        C        D        E       F      G
               +--------+--------+--------+--------+--------+-----+--------+
         Total |   9095 |   8819 |    276 |   1818 |   5902 |   7 | 1299.3 |
       Dungeon |   9035 |   8777 |    258 |   1818 |   5863 |   6 | 1505.8 |
        Temple |     59 |     41 |     18 |      0 |     39 |   1 |   59.0 |
               +--------+--------+--------+--------+--------+-----+--------+

Top non-repeatable levels by time:
     D:5: 2571 daAuts
     D:3: 1846 daAuts
     D:4: 1384 daAuts
     D:1: 1176 daAuts
     D:2: 1151 daAuts
     D:6: 905 daAuts
  Temple: 59 daAuts
